 Dungeon Crawl Stone Soup version 0.29.1-12-g30fa7ad0bf (webtiles) character file.

Game seed: 11646587751667965710

112 bnorton916 the Magician (level 4, -5/24 HPs)
             Began as a Deep Elf Fire Elementalist on Jan 7, 2023.
             Killed from afar by Sigmund (9 damage)
             ... with a puff of flame
             ... on level 3 of the Dungeon.
             The game lasted 00:02:46 (3431 turns).

bnorton916 the Magician (DEFE)                      Turns: 3431, Time: 00:02:47

Health: -5/24      AC:  2    Str:  5    XL:     4   Next: 63%
Magic:  12/12      EV: 12    Int: 22    God:
Gold:   161        SH:  0    Dex: 15    Spells: 11/12 levels left

rFire   . . .      SeeInvis .   (no weapon)
rCold   . . .      Faith    .   (no shield)
rNeg    . . .      Spirit   .   a - +0 robe
rPois   .          Reflect  .   (no helmet)
rElec   .          Harm     .   (no cloak)
rCorr   .          Rampage  .   (no gloves)
Will    .....                   (no boots)
Stlth   ..........              (no amulet)
HPRegen 0.08/turn               (no ring)
MPRegen 0.13/turn               (no ring)

@: confused, silenced (expiring), on berserk cooldown, slowed, very slow
A: no striking features
a: no special abilities


You were on level 3 of the Dungeon.
You visited 1 branch of the dungeon, and saw 3 of its levels.

You collected 161 gold pieces.

Inventory:

Missiles
 d - 57 stones
 m - 5 poisoned darts
Armour
 a - a +0 robe (worn)
Jewellery
 g - an amulet of reflection
Scrolls
 h - a scroll of magic mapping {unknown}
 j - 3 scrolls of identify
 l - a scroll of blinking {unknown}
 p - 2 scrolls of amnesia
 r - a scroll of torment {unknown}
 s - a scroll of butterflies {unknown}
 u - a scroll of fear {unknown}
Potions
 b - a potion of magic
 c - a potion of attraction {unknown}
 f - 2 potions of mutation {unknown}
 i - a potion of resistance {unknown}
 k - a potion of curing {unknown}
 n - a potion of berserk rage
 o - a potion of ambrosia {unknown}
 t - 2 potions of might {unknown}


   Skills:
 - Level 2.4 Dodging
 - Level 2.4 Stealth
 + Level 4.5 Spellcasting
 + Level 3.0 Conjurations
 + Level 4.3 Fire Magic


You had 11 spell levels left.
You knew the following spells:

 Your Spells              Type           Power      Damage    Failure   Level
a - Foxfire               Conj/Fire      84%        2x1d8     2%          1

Your spell library contained the following spells:

 Spells                   Type           Power      Damage    Failure   Level
 Scorch                   Fire           48%        2d7       2%          2
 Conjure Flame            Conj/Fire      21%        6-21      7%          3
 Inner Flame              Hex/Fire       14%        N/A       13%         3
 Sublimation of Blood     Necr           4%         N/A       16%         2
 Wereblood                Tmut           4%         N/A       16%         2
 Flame Wave               Conj/Fire      21%        2d8       24%         4
 Summon Hydra             Summ           2%         N/A       100%        7


Dungeon Overview and Level Annotations

Branches:
Dungeon (3/15)

Altars:

Annotations:
D:3 Sigmund


Message History

The adder attacks as you move away! The adder closely misses you.
The bat barely misses you. The bat hits you. The adder closely misses you.
The bat closely misses you. x2
The bat hits you. The bat barely misses you. The bat attacks as you move away!
The bat closely misses you. The bat hits you. The adder barely misses you.
The adder attacks as you move away! The adder barely misses you.
The bat hits you but does no damage. x2
The adder attacks as you move away! The adder bites you.
You are poisoned.
The adder poisons you!
You feel sick. The bat hits you.
You cannot cast spells when silenced!
Magic scrolls do not work when you're silenced!
Unknown command.
Unknown command.
It was a potion of berserk rage.
A red film seems to cover your vision as you go berserk!
You feel yourself moving faster!
You feel mighty!
You feel sick. The bat hits you. The bat barely misses you.
Something barely misses you.
You feel a strong urge to attack something.
You feel sick. The bat barely misses you. The bat hits you.
The bat attacks as you move away! The bat hits you but does no damage.
You feel your anger nearly subside.
You are no longer berserk.
You are exhausted.
You feel yourself slow down.
You feel sick. The bat hits you but does no damage.
The bat attacks as you move away! The bat closely misses you.
You feel sick.
You are no longer poisoned.
The bat hits you.
* * * LOW HITPOINT WARNING * * *
The bat hits you.
* * * LOW HITPOINT WARNING * * *
The bat barely misses you. The bat closely misses you.
You are confused.
The bat hits you but does no damage.
A puff of flame appears from out of thin air!
The puff of flame hits you!
You die...

.....).....#..
.....)†....# ..# #.##
........######..##...
......).#...........
######)#...#.......#
####...............#
##..##..#..........#
#[###.#..#.......b.#
####.#.#........@..#
###.....#.....S..#
#.###...)........#
#....#..........#
###.#...#.{.....#
#.#..#.........#
#[.#.......#.#####
###..........#
#####.#....#


You could see an adder and a bat.

Vanquished Creatures
  An orc wizard (D:3)
  An adder (D:3)
  A worm (D:3)
  2 dart slugs (D:1)
  7 orcs (D:3)
  6 ball pythons
  6 endoplasms
  4 giant cockroaches
  7 hobgoblins
  3 quokkas
  7 bats
  3 frilled lizards
  A goblin (D:1)
  7 kobolds
  4 rats
60 creatures vanquished.

Vanquished Creatures (others)
  292 foxfires
292 creatures vanquished.

Grand Total: 352 creatures vanquished

Notes
Turn   | Place    | Note
-------+----------+-------------------------------------------
     0 | D:1      | bnorton916 the Deep Elf Fire Elementalist began the quest
                  | for the Orb.
     0 | D:1      | Reached XP level 1. HP: 10/10 MP: 6/6
   294 | D:1      | Reached XP level 2. HP: 15/15 MP: 5/8
   985 | D:1      | Reached XP level 3. HP: 9/19 MP: 6/10
  1538 | D:2      | Found a faded altar of an unknown god.
  3006 | D:3      | Reached XP level 4. HP: 24/24 MP: 6/12
  3408 | D:3      | Noticed Sigmund
  3431 | D:3      | Killed from afar by Sigmund

Illustrated notes

Levels and vault maps discovered:
D:1:      minmay_arrival_shattered_statue, layout_rooms, minmay_hexomino_f4
D:2:      layout_basic, shapermc_ecumenical_altar_venn, serial_curves,
          eino_curves_04, eino_curves_04, eino_curves_03,
          guppyfry_early_lair_pool
D:3:      minmay_inner_zag, layout_basic, minmay_increasing_density,
          uniq_sigmund

Skill      XL: |  1  2  3  4 |
---------------+-------------+-----
Conjurations   | 2 3 |  3.0
Fire Magic     | 4 |  4.3
Spellcasting   | 4 |  4.5
Dodging        | |  2.4
Stealth        | |  2.4

Action                   |  1- 3 |  4- 6 || total
-------------------------+-------+-------++-------
 Cast: Foxfire           |   151 |    17 ||   168
  Use: Potion            |       |     3 ||     3
       Scroll            |       |     2 ||     2
Armor: Robe              |     1 |    10 ||    11
Dodge: Dodged            |    18 |    29 ||    47
